 Dungeon Crawl Stone Soup version 0.19.1-1-g22dce08 (webtiles) character file.

61657 Mesmaeker13 the Protected (level 14, -8/126 HPs)
             Began as a Demigod Fighter on Jan 3, 2017.
             Mangled by a harpy (16 damage)
             ... summoned by Kirke
             ... on level 12 of the Dungeon.
             The game lasted 01:14:41 (31841 turns).

Mesmaeker13 the Protected (Demigod Fighter)        Turns: 31841, Time: 01:14:41

Health: -8/126     AC:  0    Str: 25    XL:     14   Next: 25%
Magic:  17/17      EV: 13    Int: 14    God:
Gold:   169        SH:  0    Dex: 15    Spells: 1 memorised, 10 levels left

rFire  . . .     SeeInvis .     (weapon currently unavailable)
rCold  . . .     Gourm    .     (armour currently unavailable)
rNeg   . . .     Faith    .     (shield currently unavailable)
rPois  .         Spirit   .     (helmet currently unavailable)
rElec  .         Reflect  .     (cloak currently unavailable)
rCorr  .         Harm     .     (gloves currently unavailable)
MR     +....     Clarity  +     (boots currently unavailable)
Stlth  +.........               N - amulet of magic regeneration
                                (ring currently unavailable)
                                (ring currently unavailable)

@: pig-form, very slightly contaminated, hasted, drained, very quick
A: clarity, high mp 1, regeneration 1
a: no special abilities


You were on level 12 of the Dungeon.
You were not hungry.
You were a filthy swine.
You visited 3 branches of the dungeon, and saw 19 of its levels.

You collected 1418 gold pieces.
You spent 1249 gold pieces at shops.

Inventory:

Hand Weapons
 a - a +3 hand crossbow
 g - a +5 great sword of freezing (melded)
 x - a +1 great mace of venom
 Z - a +0 great sword of protection
Missiles
 h - 15 javelins (quivered)
Armour
 c - a +0 shield
 q - a +1 pair of boots (melded)
 B - a +1 cloak of invisibility (melded)
 E - a +1 pair of gloves (melded)
 F - the +13 chain mail "Xecei" (melded) {rPois}
   (You found it on level 10 of the Dungeon)

   It protects you from poison.
 R - a +2 hat (melded)
Jewellery
 i - an uncursed ring of see invisible
 r - a ring of poison resistance (melded)
 y - a ring of positive energy (melded)
 N - an amulet of magic regeneration (around neck)
 X - an uncursed ring of flight
Wands
 H - a wand of acid (6/15)
 U - a wand of digging (10/24)
 Y - a wand of lightning (6/15)
Scrolls
 b - a scroll of magic mapping
 d - 7 scrolls of fog
 e - 8 scrolls of amnesia
 l - 2 scrolls of recharging
 m - a scroll of fear
 n - 7 scrolls of remove curse
 G - a scroll of enchant armour
Potions
 j - 3 potions of curing
 z - a potion of magic
 A - 3 potions of brilliance
 C - a potion of haste
 D - 2 potions of lignification
 K - a potion of heal wounds
 P - 2 potions of flight
 V - a potion of ambrosia
Miscellaneous
 u - a phantom mirror
Comestibles
 f - 5 bread rations
 k - 12 royal jellies
 v - 2 fruits
 I - 2 beef jerkies
 T - a meat ration


   Skills:
 - Level 12.0(10.9) Fighting
 + Level 13.4(12.3) Long Blades
 + Level 13.6(12.5) Armour
 - Level 6.3(5.3) Shields
 - Level 6.1(5.1) Hexes


You had 10 spell levels left.
You knew the following spells:

 Your Spells              Type           Power        Failure   Level  Hunger
a - Confuse               Hex            ##......     12%         3    ####...


Dungeon Overview and Level Annotations

Branches:
Dungeon (12/15)            Temple (1/1) D:4            Lair (6/6) D:10
 Shoals (0/4) Lair:2       Spider (0/4) Lair:4        Slime (0/5) Lair:6
    Orc (0/2) D:12

Shops:
D:4 }   D:8 [   D:10 **!

Annotations:
D:12 Kirke


Innate Abilities, Weirdness & Mutations

You have an increased reservoir of magic. (+10% MP)
You possess an exceptional clarity of mind.
Your natural rate of healing is unusually fast.


Message History

Found a staircase to the Orcish Mines.
You closely miss the harpy.
The komodo dragon hisses angrily.
The harpy barely misses you. x2
The hog squeals angrily.
The harpy screeches!
The bullfrog hits you!
* * * LOW HITPOINT WARNING * * *
Kirke shouts!
The centaur warrior zombie misses you. The komodo dragon bites you.
* * * LOW HITPOINT WARNING * * *
The hog bites you!
* * * LOW HITPOINT WARNING * * *
The hog bites you.
* * * LOW HITPOINT WARNING * * *
Kirke closely misses you. The harpy claws you!
* * * LOW HITPOINT WARNING * * *
The harpy completely misses you. The harpy claws you!
You die...

..#....o............
#.#.#..................
###.#..#.................
##.##........o............
##..............z..........
#<)..............z....#J...
#<...................###F..
#<...........Z..z.....#....
##.###....hHhhhl........)..
###.......H@hF............
#####..#................
#.#.................
..#..#...............
##.#####.............. ##
...............
#...............
.##.............


You could see Kirke, 3 skeletal warriors, a komodo dragon, 2 harpies, 4 hogs, a
bullfrog, an orc wizard and a centaur warrior zombie.

Vanquished Creatures
  Rupert (Lair:3)
  Gastronok (Lair:2)
  An entropy weaver (Lair:4)
  4 dire elephants
  Snorg (Lair:6)
  The ghost of Exporg the Carver, a journeyman MiBe of Trog (Lair:1)
  A fire dragon (D:9)
  An anaconda (Lair:6)
  6 hydras
  A queen ant (Lair:4)
  Sonja (Lair:2)
  Nergalle (D:11)
  A skeletal warrior (D:12)
  A hill giant (D:11)
  Pikel (D:7)
  An oklob plant (Lair:6)
  Maurice (D:9)
  13 elephants
  2 black mambas
  9 komodo dragons
  11 spiny frogs
  4 centaur skeletons
  2 kobold demonologists (D:11)
  A rime drake (Lair:4)
  A redback zombie (D:12)
  3 meliai (Lair:5)
  A queen bee (Lair:5)
  5 trolls
  3 hornets
  Prince Ribbit (D:9)
  6 dream sheep (Lair:6)
  15 hippogriffs
  26 blink frogs
  A shadow (D:11)
  38 yaks
  A wyvern (D:11)
  3 basilisks
  A hungry ghost (D:11)
  Grum (D:8)
  A steam dragon (D:11)
  2 vampire mosquitoes (Lair:3)
  5 soldier ants (Lair:4)
  An insubstantial wisp (Lair:3)
  12 water moccasins
  7 porcupines
  6 orc warriors
  2 sky beasts
  2 ice beasts
  2 black bears
  2 phantoms
  A slave (D:7)
  5 ogres
  11 wolves
  12 centaurs
  11 crocodiles
  A big kobold (D:11)
  17 bullfrogs
  3 scorpions
  A wyvern skeleton (D:11)
  27 killer bees
  8 electric eels
  13 wights
  4 crimson imps
  A centaur zombie (D:6)
  5 hounds
  4 bullfrog skeletons
  7 jellies
  8 orc priests
  5 orc wizards
  2 quasits
  Crazy Yiuf (D:7)
  5 iguanas
  29 worker ants
  A hound zombie (D:8)
  A hound skeleton (D:5)
  7 gnolls
  A howler monkey skeleton (D:4)
  14 adders
  2 shadow imps
  2 adder skeletons
  4 worms
  2 dart slugs
  11 leopard geckos
  43 orcs
  6 bats
  9 giant cockroaches
  9 goblins
  8 hobgoblins
  12 jackals
  10 kobolds
  3 quokkas
  A ball python (D:3)
  5 frilled lizards
  A giant cockroach zombie (D:5)
  A leopard gecko skeleton (D:5)
  A quokka zombie (D:8)
  5 rats
  2 fungi
  5 plants (Lair:6)
562 creatures vanquished.

Vanquished Creatures (others)
  A vampire mosquito (Lair:3)
  Duvessa (D:7)
  A swamp drake (Lair:3)
  A slave (D:7)
  Dowan (D:7)
  A crimson imp (D:7)
  A hound (D:7)
  An adder skeleton (D:7)
  A jackal zombie (D:7)
  A bush (Lair:6)
  25 fungi
  22 plants
57 creatures vanquished.

Grand Total: 619 creatures vanquished

Notes
Turn   | Place    | Note
-------+----------+-------------------------------------------
     0 | D:1      | Mesmaeker13 the Demigod Fighter began the quest for the Orb.
     0 | D:1      | Reached XP level 1. HP: 18/18 MP: 3/3
   279 | D:1      | Reached XP level 2. HP: 19/25 MP: 4/4
   409 | D:1      | Found a shimmering altar of Xom.
   722 | D:2      | Found a blossoming altar of Fedhas.
  1001 | D:2      | Reached XP level 3. HP: 26/30 MP: 5/5
  1304 | D:2      | Found an ancient bone altar of Kikubaaqudgha.
  2406 | D:3      | Reached XP level 4. HP: 26/38 MP: 6/6
  2510 | D:4      | Found Biacrierr's Gadget Emporium.
  2728 | D:4      | Found a staircase to the Ecumenical Temple.
  2743 | Temple   | Entered the Ecumenical Temple
  2909 | D:4      | Reached XP level 5. HP: 41/45 MP: 7/7
  3120 | D:4      | Noticed an ogre
  3123 | D:4      | Killed an ogre
  3389 | D:4      | Found a sacrificial altar of Ru.
  3397 | D:4      | Reached XP level 6. HP: 51/52 MP: 8/8
  3558 | D:4      | Found a shattered altar of Ashenzari.
  3599 | D:5      | Entered Level 5 of the Dungeon
  3631 | D:5      | Found a white marble altar of Elyvilon.
  4138 | D:5      | Reached XP level 7. HP: 60/60 MP: 9/9
  4913 | D:5      | Found a stormy altar of Qazlal.
  4915 | D:5      | Found a hide-covered altar of Uskayaw.
  5215 | D:6      | Reached skill level 5 in Fighting
  5400 | D:6      | Reached skill level 5 in Armour
  5454 | D:6      | Noticed a troll
  5457 | D:6      | Noticed a hornet
  5457 | D:6      | a troll changed into a hornet
  5470 | D:6      | Killed a hornet
  5470 | D:6      | Reached skill level 5 in Shields
  5470 | D:6      | Reached XP level 8. HP: 42/68 MP: 10/10
  5747 | D:6      | Reached skill level 5 in Long Blades
  6030 | D:6      | Found a glowing golden altar of the Shining One.
  6343 | D:7      | Noticed a hippogriff
  6359 | D:7      | Killed a hippogriff
  7060 | D:7      | Noticed Pikel
  7118 | D:7      | Killed Pikel
  7118 | D:7      | Reached XP level 9. HP: 58/78 MP: 11/11
  7465 | D:7      | Noticed Dowan
  7466 | D:7      | Noticed Duvessa
  7599 | D:7      | Paralysed by a hornet for 1 turns
  7709 | D:7      | Killed Dowan
  8193 | D:7      | Killed Duvessa
  8418 | D:7      | Found a runed door.
  8422 | D:7      | Noticed Crazy Yiuf
  8426 | D:7      | Killed Crazy Yiuf
  9374 | D:8      | Found Adghejom's Armour Boutique.
  9382 | D:8      | Bought a +3 chain mail of fire resistance for 318 gold pieces
  9854 | D:8      | Noticed Grum
  9889 | D:8      | Killed Grum
 10406 | D:8      | Found a deep blue altar of Sif Muna.
 10413 | D:8      | Found a shadowy altar of Dithmenos.
 10415 | D:8      | Found an iron altar of Okawaru.
 10463 | D:9      | Found a hazy altar of Hepliaklqana.
 10491 | D:9      | Noticed Prince Ribbit
 10505 | D:9      | Killed Prince Ribbit
 10784 | D:9      | Got a twisted scimitar
 10785 | D:9      | Identified the cursed +1 scimitar of Corporal Punishment {antimagic, SInv} (You found it on level 9 of the Dungeon)
 10806 | D:9      | Noticed a hill giant
 10808 | D:9      | Noticed a fire dragon
 10808 | D:9      | a hill giant changed into a fire dragon
 10854 | D:10     | Entered Level 10 of the Dungeon
 10970 | D:10     | Reached XP level 10. HP: 75/88 MP: 4/13
 11089 | D:10     | Found Godadaz's General Store.
 11099 | D:10     | Bought a scroll of identify for 26 gold pieces
 11099 | D:10     | Bought a potion of curing for 39 gold pieces
 11099 | D:10     | Bought a potion of curing for 39 gold pieces
 11187 | D:10     | Found Hanaymm's Assorted Antiques.
 11776 | D:10     | Got a warped chain mail
 11797 | D:10     | Identified the +13 chain mail "Xecei" {rPois} (You found it on level 10 of the Dungeon)
 11828 | D:10     | Found a staircase to the Lair.
 11949 | D:10     | Found Kaodum's Distillery.
 11963 | D:10     | Bought a potion of might for 60 gold pieces
 12003 | Lair:1   | Entered Level 1 of the Lair of Beasts
 12015 | Lair:1   | Noticed a seven-headed hydra
 12270 | D:11     | Noticed a hill giant
 12292 | D:11     | Killed a hill giant
 12452 | D:11     | Noticed Nergalle
 12473 | D:11     | Noticed a spectral orc warlord
 12484 | D:11     | Killed Nergalle
 12904 | D:11     | Reached XP level 11. HP: 89/97 MP: 4/14
 14188 | D:11     | Noticed a sixfirhy
 14204 | D:11     | Noticed a sixfirhy
 14579 | D:12     | Noticed a skeletal warrior
 14930 | D:10     | Noticed a seven-headed hydra
 14970 | D:9      | Noticed Maurice
 14987 | D:9      | Killed Maurice
 15338 | Lair:1   | Noticed a four-headed hydra
 15637 | Lair:1   | Noticed Exporg's ghost (journeyman MiBe)
 15666 | Lair:1   | Killed Exporg's ghost
 15666 | Lair:1   | Reached skill level 10 in Fighting
 15666 | Lair:1   | Reached skill level 10 in Armour
 16811 | Lair:2   | Reached skill level 10 in Long Blades
 17303 | Lair:2   | Noticed Gastronok
 17350 | Lair:2   | Killed Gastronok
 17611 | Lair:2   | Found a white marble altar of Elyvilon.
 17633 | Lair:2   | Found a staircase to the Shoals.
 17745 | Lair:2   | Noticed Sonja
 17781 | Lair:2   | Killed Sonja
 17966 | Lair:2   | Reached XP level 12. HP: 108/108 MP: 15/15
 18378 | Lair:3   | Noticed Rupert
 19616 | Lair:3   | Killed Rupert
 20750 | D:10     | Killed a seven-headed hydra
 21119 | Lair:1   | Killed a four-headed hydra
 21184 | Lair:4   | Noticed an entropy weaver
 21187 | Lair:4   | Noticed an entropy weaver
 22099 | Lair:4   | Killed an entropy weaver
 22473 | Lair:4   | Found a hole to the Spider Nest.
 23152 | Lair:1   | Learned a level 3 spell: Confuse
 23183 | Lair:2   | Reached XP level 13. HP: 95/117 MP: 13/16
 23386 | Lair:4   | Reached skill level 1 in Hexes
 25630 | Lair:6   | Entered Level 6 of the Lair of Beasts
 25630 | Lair:6   | Noticed Snorg
 25636 | Lair:6   | Killed Snorg
 26164 | Lair:6   | Found a staircase to the Slime Pits.
 26313 | Lair:6   | Reached skill level 5 in Hexes
 28888 | Lair:6   | Reached XP level 14. HP: 103/126 MP: 17/17
 31657 | D:10     | Bought a scroll of magic mapping for 101 gold pieces
 31657 | D:10     | Bought a pair of embroidered gloves for 304 gold pieces
 31657 | D:10     | Bought a scroll of identify for 58 gold pieces
 31657 | D:10     | Bought a scroll of enchant armour for 217 gold pieces
 31657 | D:10     | Bought a scroll of teleportation for 87 gold pieces
 31677 | D:10     | Gained mutation: You possess an exceptional clarity of mind. [potion of mutation]
 31677 | D:10     | Gained mutation: Your natural rate of healing is unusually fast. [potion of mutation]
 31794 | D:12     | Noticed Kirke
 31830 | D:12     | Found a staircase to the Orcish Mines.
 31841 | D:12     | Mangled by a harpy

Skill      XL: |  1  2  3  4  5  6  7  8  9 10 11 12 13 14 |
---------------+-------------------------------------------+-----
Long Blades    | 2 3 4 5 7 8 10 11 12 13 | 13.4
Shields        | 3 4 5 6 |  6.3
Armour         | 3 4 5 6 7 9 10 12 13 | 13.6
Fighting       | 3 4 5 6 7 9 10 11 12 | 12.0
Hexes          | 5 6 |  6.1

Action                   |  1- 3 |  4- 6 |  7- 9 | 10-12 | 13-15 || total
-------------------------+-------+-------+-------+-------+-------++-------
Melee: Long sword        |   163 |   250 |   572 |       |       ||   985
       Scimitar          |       |       |    29 |  1212 |       ||  1241
       Great mace        |       |       |       |    16 |    40 ||    56
       Great sword       |       |       |       |     5 |   615 ||   620
       Unarmed           |       |       |       |       |     6 ||     6
Throw: Javelin           |       |       |       |     7 |       ||     7
 Abil: Evoke Berserk Rag |       |       |       |     1 |       ||     1
Evoke: Wand              |       |     2 |     9 |     4 |     5 ||    20
  Use: Scroll            |     3 |     1 |     6 |    16 |    13 ||    39
       Potion            |       |       |     3 |     7 |     3 ||    13
 Stab: Invisible         |       |       |       |       |     4 ||     4
  Eat: Chunk             |     4 |     7 |    13 |    26 |    15 ||    65
       Bread ration      |       |       |     3 |     4 |     3 ||    10
       Pizza             |       |       |       |       |     1 ||     1
Armor: Scale mail        |    78 |   131 |       |       |       ||   209
       Chain mail        |       |     6 |   313 |   914 |   788 ||  2021
       Skin              |       |       |       |     3 |       ||     3
Dodge: Dodged            |    50 |    82 |   129 |   319 |   357 ||   937
Block: Shield            |    89 |   140 |   336 |   672 |       ||  1237
       Rpst.: Long sword |    20 |    31 |    28 |       |       ||    79
       Scimitar          |       |       |     1 |    80 |       ||    81
       Great sword       |       |       |       |       |    72 ||    72
